 Dungeon Crawl Stone Soup version 0.32-a0-422-g28b100f618 (webtiles) character file.

Game seed: 17586538608316421546

84 lunkers the Cutter (level 4, 0/33 HPs)
             Began as a Coglin Brigand on Feb 21, 2024.
             Slain by a gnoll
             ... wielding a +0 whip
              (2 damage)
             ... on level 2 of the Dungeon.
             The game lasted 00:01:18 (838 turns).

lunkers the Cutter (Coglin Brigand)                  Turns: 838, Time: 00:01:18

Health: 0/33       AC:  6    Str: 13    XL:     4   Next: 46%
Magic:  4/4        EV: 10    Int: 10    God:
Gold:   90         SH:  0    Dex: 16    Spells: 3/3 levels left

rFire   . . .        a - +2 dagger {Bonhwa}
rCold   . . .        g - +3 dagger {Xue}
rNeg    . . .        f - +0 ring mail
rPois   .            (no helmet)
rElec   .            c - +0 cloak
rCorr   .            (no gloves)
SInv    .            (no boots)
Will    .....        (no amulet)
Stlth   ++           (no ring)
HPRegen 0.25/turn    (no ring)
MPRegen 0.09/turn

%: no passive effects
@: immotile, revving
A: off-hand wielding, slow wielding, warmup strikes, legs shutdown
a: no special abilities


You were on level 2 of the Dungeon.
You visited 1 branch of the dungeon, and saw 2 of its levels.

You collected 90 gold pieces.

Inventory:

Hand Weapons
 a - a +2 dagger (weapon) {Bonhwa}
 g - a +3 dagger (offhand) {Xue}
Missiles
 d - 17 poisoned darts
 e - 2 curare-tipped darts
Armour
 b - a +0 robe
 c - a +0 cloak (worn)
 f - a +0 ring mail (worn)
Scrolls
 h - a scroll of teleportation {unknown}
 l - a scroll of enchant weapon {unknown}
Potions
 i - a potion of brilliance {unknown}
 j - a potion of degeneration {unknown}
 k - 2 potions of curing {unknown}
 m - a potion of ambrosia {unknown}


   Skills:
 - Level 2.0 Fighting
 + Level 4.1 Short Blades
 - Level 1.7 Throwing
 - Level 0.8 Dodging
 - Level 3.2 Stealth


You had 3 spell levels left.
You didn't know any spells.
Your spell library was empty.

Dungeon Overview and Level Annotations

Branches:
Dungeon (2/15)

Altars:


Innate Abilities, Weirdness & Mutations

You can wield a second weapon in your off-hand.
It takes a long time for you to wield or remove held weapons.
Your first few attacks do less damage.
Attacking and casting redirects power from your legs.


Message History

You are no longer unable to travel.
Found a whip.
A gnoll comes into view. It is wielding a +0 whip.
You see here a metallic brown potion.
A gnoll is nearby!
A gnoll comes into view. It is wielding a +0 halberd.
The gnoll hits you but does no damage.
You completely miss the gnoll with your +3 dagger.
You hit the gnoll with your +2 dagger.
The gnoll hits you from afar with a +0 halberd.
The gnoll hits you with a +0 whip.
You closely miss the gnoll with your +2 dagger.
The gnoll is lightly wounded.
You barely miss the gnoll with your +3 dagger.
The gnoll hits you from afar with a +0 halberd!
* * * LOW HITPOINT WARNING * * *
You closely miss the gnoll with your +3 dagger.
The gnoll is lightly wounded.
You barely miss the gnoll with your +2 dagger.
The gnoll hits you from afar with a +0 halberd!
* * * LOW HITPOINT WARNING * * *
The gnoll hits you but does no damage.
Throw: 3 darts (curare)
Press: ? - help, Shift-Dir - straight line, f - gnoll
Aim: a gnoll, wielding a +0 halberd (61% to hit)
You throw a curare-tipped dart. The curare-tipped dart hits the gnoll.
The gnoll is poisoned.
The gnoll struggles to breathe.
The gnoll seems to slow down.
The gnoll is heavily wounded.
The gnoll hits you with a +0 whip.
* * * LOW HITPOINT WARNING * * *
You hit the gnoll with your +3 dagger.
The gnoll is heavily wounded.
You barely miss the gnoll with your +2 dagger.
The gnoll barely misses you.
You closely miss the gnoll with your +3 dagger.
The gnoll is heavily wounded.
You closely miss the gnoll with your +2 dagger.
The gnoll hits you with a +0 whip.
You die...

##### .# ##...# ..#
....+...+ #...#...#
#..g#..)# #...#...#
#.g@....# ##.....##
#...?. #.....+
.....#
#..!..###.....# #
#.............# #
#......#......# #
+####......#......#
# ...........#....#
# .............#..#
#


You could see 2 gnolls.

Vanquished Creatures
  3 orcs (D:2)
  4 ball pythons
  4 bats (D:1)
  8 endoplasms
  3 giant cockroaches (D:1)
  7 goblins (D:1)
  5 hobgoblins (D:1)
  3 kobolds (D:1)
  A quokka (D:1)
  4 frilled lizards (D:1)
  2 rats (D:1)
44 creatures vanquished.

Notes
Turn   | Place    | Note
-------+----------+-------------------------------------------
     0 | D:1      | lunkers the Coglin Brigand began the quest for the Orb.
     0 | D:1      | Reached XP level 1. HP: 16/16 MP: 1/1
    50 | D:1      | Reached skill level 2 in Short Blades
    58 | D:1      | Reached XP level 2. HP: 18/22 MP: 2/2
    97 | D:1      | Reached skill level 3 in Short Blades
   101 | D:1      | Reached XP level 3. HP: 2/27 MP: 3/3
   425 | D:1      | Reached XP level 4. HP: 32/33 MP: 4/4
   649 | D:2      | Reached skill level 4 in Short Blades
   838 | D:2      | Slain by a gnoll

Illustrated notes

Levels and vault maps discovered:
D:1:      reono_arrival_mine, layout_rooms, minmay_hexomino_c4
D:2:      minmay_door_path, layout_basic

Skill      XL: |  1  2  3  4 |
---------------+-------------+-----
Short Blades   | 2 3 4 |  4.1
Fighting       | |  2.0
Throwing       | |  1.7
Dodging        | |  0.8
Stealth        | |  3.2

Action                     |  1- 3 |  4- 6 || total
---------------------------+-------+-------++-------
  Melee: Dagger            |   112 |    55 ||   167
  Throw: Dart              |       |     1 ||     1
   Stab: Sleeping          |       |     1 ||     1
 Armour: Ring mail         |    55 |    30 ||    85
  Dodge: Dodged            |    42 |    11 ||    53

Table legend: (Time is in decaauts)
 A = Elapsed time spent in this place.
 B = Non-inter-level travel time spent in this place.
 C = Inter-level travel time spent in this place.
 D = Time resting spent in this place.
 E = Time spent auto-exploring this place.
 F = Levels seen in this place.
 G = Mean time per level.
                   A        B        C        D        E       F      G
               +--------+--------+--------+--------+--------+-----+--------+
         Total |    817 |    790 |     27 |      0 |    547 |   2 |  408.5 |
       Dungeon |    817 |    790 |     27 |      0 |    547 |   2 |  408.5 |
               +--------+--------+--------+--------+--------+-----+--------+

Top non-repeatable levels by time:
     D:1: 624 daAuts
     D:2: 192 daAuts
